 Dungeon Crawl Stone Soup version 0.24.1-14-gf8d2b509d9 (webtiles) character file.

Game seed: 923519306839532837, levelgen mode: deterministic

2525 tkbsonic5 the Chucker (level 9, -14/48 HPs)
             Began as a Tengu Hunter on May 13, 2023.
             Was a Follower of Hepliaklqana.
             Hit by a large rock thrown by a cyclops (40 damage)
             ... on level 7 of the Dungeon.
             The game lasted 00:34:04 (8096 turns).

tkbsonic5 the Chucker (Tengu Hunter)                Turns: 8096, Time: 00:34:05

Health: -14/48     AC: 13    Str: 16    XL:     9   Next: 54%
Magic:  8/10       EV:  7    Int: 15    God:    Hepliaklqana [*.....]
Gold:   41         SH:  5    Dex: 15    Spells: 8/8 levels left

rFire    + . .     SeeInvis .   J - +0 flail (drain)
rCold    + . .     Gourm    .   o - +0 buckler
rNeg     . . .     Faith    .   G - +0 plate armour (curse)
rPois    +         Spirit   .   s - +1 hat
rElec    .         Reflect  .   m - scarf {rC+ rF+}
rCorr    .         Harm     .   a - +0 pair of gloves {over and over}
MR       .....                  (boots unavailable)
Stlth    ..........             (no amulet)
HPRegen  0.16/turn              w - ring of poison resistance
MPRegen  0.12/turn              l - +4 ring of intelligence

@: flying quickly and evasively, quick
A: reduced essence, beak, talons 3, able to fly
a: Stop Flying, Recall Ancestor, Ancestor Identity, Renounce Religion


You were on level 7 of the Dungeon.
You worshipped Hepliaklqana.
Hepliaklqana was aware of your devotion.
You were hungry.

You visited 1 branch of the dungeon, and saw 7 of its levels.

You collected 323 gold pieces.
You spent 282 gold pieces at shops.

Inventory:

Hand Weapons
 e - a +6 mace
 g - a +0 shortbow
 h - a +1 spear
 n - a +4 falchion
 v - a +0 dagger of draining
 B - a +0 hand crossbow
 J - a +0 flail of draining (weapon)
Missiles
 d - 15 poisoned darts
 i - 63 bolts
 r - 45 sling bullets
 t - 104 arrows
 F - 4 boomerangs
 H - 2 javelins (quivered)
Armour
 a - a +0 pair of gloves (worn) {over and over}
 b - a +0 leather armour
 k - a +0 ring mail
 m - a scarf of resistance (worn)
 o - a +0 buckler (worn)
 s - a +1 hat (worn)
 C - a +0 scale mail
 G - a cursed +0 plate armour (worn)
Jewellery
 l - a +4 ring of intelligence (right hand)
 w - a ring of poison resistance (left hand)
 A - an uncursed ring of wizardry
Wands
 u - a wand of polymorph (8)
Scrolls
 q - 2 scrolls of teleportation
 y - a scroll of amnesia
Potions
 c - a potion of invisibility {unknown}
 p - a potion of mutation {unknown}
 x - a potion of brilliance
 z - 2 potions of berserk rage {unknown}
 E - 3 potions of heal wounds {unknown}
Comestibles
 f - 4 rations


   Skills:
 * Level 5.6 Fighting
 - Level 0.1 Short Blades
 * Level 6.1 Maces & Flails
 - Level 2.5 Polearms
 * Level 7.9 Throwing
 * Level 3.2 Armour
 + Level 4.1 Dodging
 - Level 1.0 Stealth
 - Level 4.1 Shields
 * Level 1.1 Invocations
 + Level 0.9 Evocations


You had 8 spell levels left.
You didn't know any spells.
Your spell library contained the following spells:

 Spells                   Type           Power        Failure   Level  Hunger
 Corona                   Hex            #......      100%        1    ##.....
 Magic Dart               Conj           #...         100%        1    ##.....
 Ensorcelled Hibernation  Hex/Ice        #.....       100%        2    ###....
 Searing Ray              Conj           #.....       100%        2    ###....
 Confuse                  Hex            #.......     100%        3    ####...
 Dazzling Spray           Conj/Hex       #.....       100%        3    ####...
 Tukima's Dance           Hex            #.......     100%        3    ####...
 Force Lance              Conj/Tloc      #.......     100%        4    #####..
 Fulminant Prism          Conj/Hex       #.........   100%        4    #####..
 Iskenderun's Mystic Bla  Conj           #.......     100%        4    #####..


Dungeon Overview and Level Annotations

Branches:
Dungeon (7/15)             Temple (0/1) D:4

Altars:
Ashenzari
Hepliaklqana
Sif Muna
Vehumet
The Shining One

Shops:
D:5 =   D:6 !*?[

Annotations:
D:4 2 transporters, Dowan, Duvessa


Innate Abilities, Weirdness & Mutations

You have a beak for a mouth.
You have claws for feet.
You can fly continuously.
Your life essence is reduced to manifest your ancestor. (-10% HP)


Message History

The sky beast is severely wounded.
The sky beast hits you but does no damage.
You hit the sky beast but do no damage.
The sky beast is severely wounded.
You block the sky beast's attack.
You sock the sky beast!
You kill the sky beast!
A cyclops comes into view.
The cyclops shouts!
You hear a croak.
The cyclops throws a large rock.
The large rock hits you!!
Ouch! That really hurt!
You hear a splash.
You see here a large rock.
A cyclops is nearby!
Okay, then.
Trevor is recalled.
You feel better.
The cyclops throws a large rock.
The large rock barely misses Trevor.
The large rock hits you!!!
Ouch! That really hurt!
You die...

..))...)........'.........##.#<#.
..######........######....##.#.#.
..# #........##...............
..# #........##.####....#.#...
..# ############.........#.....
..# .... #####...#.###### ###
..... #...#.## ###.
......##########...#..##### ....
.......(.R@........'....... ###.
...C..##########...##.###.# .....
#...##..##.# ....
######...###.##.# ###
#.........##.##.#
#.........##(##.#
#.........##(##.#
#.........##(##.#
#.........##(.#.#


You could see the friendly Trevor the ancestor and a cyclops.

Vanquished Creatures
  An orc warrior (D:6)
  2 phantoms
  3 sky beasts
  An ogre (D:4)
  A centaur (D:7)
  A big kobold (D:7)
  7 bullfrogs
  2 scorpions (D:5)
  5 wights (D:4)
  4 howler monkeys
  3 crimson imps
  A hound (D:5)
  2 orc priests
  A bullfrog skeleton (D:7)
  A centaur skeleton (D:5)
  5 iguanas
  An orc wizard (D:6)
  3 worker ants
  A hound zombie (D:3)
  10 adders
  A shadow imp (D:7)
  An ooze (D:2)
  An adder zombie (D:5)
  2 adder skeletons (D:5)
  A worm (D:5)
  2 dart slugs
  2 leopard geckos (D:4)
  13 orcs
  7 bats
  5 giant cockroaches
  6 goblins
  3 hobgoblins
  4 quokkas
  8 frilled lizards
  12 kobolds
  A leopard gecko skeleton (D:4)
  A leopard gecko zombie (D:7)
  A quokka skeleton (D:5)
  4 rats
130 creatures vanquished.

Vanquished Creatures (collateral kills)
  A bullfrog (D:6)
  A howler monkey (D:6)
  An orc priest (D:5)
  An orc wizard (D:5)
  A mummy (D:4)
  A worm (D:4)
  An orc (D:6)
7 creatures vanquished.

Vanquished Creatures (others)
  3 ancestors
3 creatures vanquished.

Grand Total: 140 creatures vanquished

Notes
Turn   | Place    | Note
-------+----------+-------------------------------------------
     0 | D:1      | tkbsonic5 the Tengu Hunter began the quest for the Orb.
     0 | D:1      | Reached XP level 1. HP: 12/12 MP: 2/2
   159 | D:1      | Reached XP level 2. HP: 16/17 MP: 3/3
   816 | D:1      | Reached skill level 1 in Polearms
  1002 | D:2      | Reached XP level 3. HP: 22/22 MP: 4/4
  1713 | D:2      | Reached XP level 4. HP: 27/27 MP: 5/5
  2516 | D:3      | Reached skill level 1 in Shields
  2694 | D:3      | Gained mutation: You can fly continuously. [Tengu growth]
  2694 | D:3      | Reached XP level 5. HP: 28/31 MP: 6/6
  2873 | D:4      | Noticed an ogre
  2882 | D:4      | Killed an ogre
  2882 | D:4      | Reached skill level 5 in Throwing
  2919 | D:4      | Noticed a phantom
  2937 | D:4      | Reached XP level 6. HP: 16/36 MP: 7/7
  2973 | D:4      | Killed a phantom
  3022 | D:4      | Found a hazy altar of Hepliaklqana.
  3223 | D:4      | Reached XP level 7. HP: 41/41 MP: 8/8
  3242 | D:4      | Reached skill level 1 in Maces & Flails
  3248 | D:4      | Became a worshipper of Hepliaklqana the Forgotten
  3480 | D:4      | Found a staircase to the Ecumenical Temple.
  3643 | D:4      | Found a sand-covered staircase.
  3748 | D:4      | Noticed Dowan
  3749 | D:4      | Noticed Duvessa
  4049 | D:4      | Found a glowing golden altar of the Shining One.
  4051 | D:4      | Found a shimmering blue altar of Sif Muna.
  4053 | D:4      | Found a shattered altar of Ashenzari.
  4133 | D:4      | Found a transporter.
  4134 | D:4      | Found a transporter.
  4264 | D:5      | Entered Level 5 of the Dungeon
  4426 | D:5      | Reached skill level 6 in Throwing
  4651 | D:5      | Found Xigge's Jewellery Boutique.
  4673 | D:5      | Reached XP level 8. HP: 40/43 MP: 9/9
  4685 | D:5      | Bought an uncursed ring of poison resistance for 240 gold
                  | pieces
  5352 | D:5      | Reached skill level 1 in Armour
  5987 | D:6      | Reached skill level 7 in Throwing
  6013 | D:6      | Reached skill level 5 in Fighting
  6029 | D:6      | Reached skill level 5 in Maces & Flails
  6030 | D:6      | Found Jittatz's Magic Scroll Shop.
  6055 | D:6      | Bought a scroll of fear for 42 gold pieces
  6062 | D:6      | Found a radiant altar of Vehumet.
  6072 | D:6      | Reached * piety under Hepliaklqana
  6087 | D:6      | Found Jadel's Assorted Antiques.
  6188 | D:6      | Reached XP level 9. HP: 48/48 MP: 10/10
  7250 | D:6      | Found Munohoc's Distillery.
  7376 | D:6      | Found Jusou's Antique Armour Emporium.
  7941 | D:7      | Reached skill level 1 in Invocations
  8091 | D:7      | Noticed a cyclops
  8096 | D:7      | Hit by a large rock thrown by a cyclops

Levels and vault maps discovered:
D:1:      scummos_arrival_simple_fountains, layout_loops_cross
D:2:      layout_loops_cross, st_stairs_2
D:3:      layout_loops_cross
D:4:      layout_loops_cross, minitemple, temple_hall,
          gammafunk_ghost_gnarly_gnolls, gup_ossuary_entry_pyramid,
          minmay_misc_feat_pillars, uniq_duvessa
D:5:      layout_basic, serial_shops, shop, first_ration
D:6:      layout_gridville, vehumet_crystals, serial_shops, shop, shop,
          kennysheep_little_box, shop
D:7:      layout_basic, marbit_many_paths

Skill      XL: |  1  2  3  4  5  6  7  8  9 |
---------------+----------------------------+-----
Polearms       | 1 2 |  2.5
Dodging        | 3 4 |  4.1
Shields        | 1 2 3 4 |  4.1
Throwing       | 5 6 7 |  7.9
Fighting       | 3 4 5 |  5.6
Maces & Flails | 2 5 6 |  6.1
Armour         | 1 3 |  3.2
Invocations    | 1 |  1.1
Short Blades   | |  0.1
Stealth        | |  1.0
Evocations     | |  0.9

Action                   |  1- 3 |  4- 6 |  7- 9 || total
-------------------------+-------+-------+-------++-------
Melee: Short sword       |     2 |       |       ||     2
       Spear             |    35 |    81 |       ||   116
       Kick              |     6 |    24 |    58 ||    88
       Peck              |     4 |     4 |    34 ||    42
       Mace              |       |     5 |   165 ||   170
       Flail             |       |       |    31 ||    31
Throw: Javelin           |    30 |    33 |    54 ||   117
       Throwing net      |     1 |     2 |       ||     3
       Dart              |       |     8 |    45 ||    53
Invok: Ancestor Identity |       |       |     1 ||     1
       Recall Ancestor   |       |       |     3 ||     3
 Abil: Fly               |       |     1 |       ||     1
Evoke: Wand              |       |     1 |     1 ||     2
  Use: Potion            |     2 |     4 |     5 ||    11
       Scroll            |     3 |     6 |    13 ||    22
 Stab: Sleeping          |     2 |       |       ||     2
  Eat: Chunk             |     2 |     2 |       ||     4
       Ration            |       |     1 |     4 ||     5
Armor: Ring mail         |    11 |    16 |    27 ||    54
       Leather armour    |     1 |       |       ||     1
       Skin              |       |       |     9 ||     9
       Plate armour      |       |       |    28 ||    28
       Scale mail        |       |       |     3 ||     3
Dodge: Dodged            |    13 |    31 |    75 ||   119
Block: Buckler           |       |    14 |    40 ||    54
